Map: Pylon LE

Players

ManlyManMeat - Winner!

  • Race: Zerg Zerg
  • League: Diamond
  • Spawn Location: 5:00

VOD

Have the link to the VOD?

Description

Time

  • Played on: June 23, 2025, 5:33 a.m.
  • Length: 13:37
Show
View Real Time Build Order
Export as new Build Order

ManlyManMeat Zerg - Winner!

Build Orders:  

Get SALT Encoding   

  12  0:00  Drone  
  13  0:12  Drone  
  14  0:25  Drone, Extractor  
  15  0:32  Overlord  
  15  0:58  Drone  
  16  1:06  Hatchery  
  16  1:09  Drone  
  16  1:15  Drone  
  17  1:20  Drone  
  18  1:40  Extractor  
  18  1:42  Spawning Pool  
  18  1:46  Drone  
  17  1:51  Drone  
  18  2:07  Drone  
  19  2:16  Drone  
  20  2:49  Queen  
  18  2:50  Queen  
  22  2:51  Zergling x4  
  22  2:59  Overlord  
  26  3:27  Hatchery  
  25  3:33  Drone  
  25  3:35  Drone  
  27  3:40  Drone  
  27  3:47  Drone  
  29  3:57  Drone x2  
  31  4:03  Metabolic Boost  
  31  4:09  Overlord  
  31  4:12  Drone  
  31  4:13  Drone  
  33  4:27  Drone x3  
  36  4:34  Queen  
  36  4:38  Overlord  
  38  4:45  Drone x3  
  41  4:59  Overlord  
  41  5:02  Drone  
  42  5:14  Queen  
  42  5:16  Overlord x2  
  42  5:19  Drone x2  
  46  5:35  Queen  
  48  5:43  Drone  
  48  5:44  Drone x2  
  48  5:46  Drone  
  48  5:47  Extractor  
  48  5:48  Drone x3  
  54  5:53  Baneling Nest  
  53  6:15  Drone x3  
  53  6:16  Drone x4  
  53  6:17  Drone  
  61  6:26  Evolution Chamber  
  61  6:29  Evolution Chamber  
  59  6:43  Drone x2  
  59  6:44  Drone x4  
  59  6:46  Drone  
  59  6:48  Zergling x2  
  59  6:49  Zergling x8  
  71  7:14  Lair  
  71  7:21  Zerg Melee Weapons Level 1  
  71  7:25  Zerg Ground Armor Level 1  
  71  7:36  Extractor  
  47  7:40  Drone x2  
  70  7:45  Extractor  
  71  7:57  Drone, Hatchery  
  71  7:58  Drone x3  
  71  7:59  Hatchery  
  73  8:03  Zergling x2  
  73  8:04  Zergling x16  
  73  8:06  Hatchery  
  81  8:16  Centrifugal Hooks  
  81  8:19  Hatchery  
  80  8:28  Zergling x4  
  80  8:29  Overlord x3  
  82  8:30  Overlord  
  82  8:53  Overlord x3  
  82  9:12  Drone x3  
  85  9:28  Zergling x22  
  96  9:57  Zergling x16  
  96  9:58  Zergling x22  
  115  10:02  Zerg Melee Weapons Level 2  
  115  10:05  Zerg Ground Armor Level 2  
  115  10:07  Baneling  
  115  10:08  Baneling x17  
  115  10:10  Zergling x12  
  115  10:14  Zergling x2  
  122  10:27  Zergling x4  
  122  10:28  Zergling x10  
  128  10:59  Zergling x30  
  67  11:00  Zergling x4  
  143  11:06  Zergling x2  
  143  11:07  Zergling x4  
  148  11:32  Zergling x30  
  148  11:33  Zergling x8  
  148  11:34  Overlord x3  
  106  11:50  Zergling x2  
  73  12:00  Zergling x34  
  74  12:10  Drone x4  
  112  12:18  Zergling x12  
  112  12:19  Zergling x2  
  122  12:20  Baneling  
  122  12:21  Baneling  
  122  12:22  Baneling x2  
  122  12:23  Baneling  
  122  12:24  Baneling  
  122  12:25  Baneling x2  
  122  12:27  Baneling  
  122  12:28  Baneling x2  
  122  12:32  Drone x2  
  124  13:07  Zergling x22  
  115  13:10  Zergling x2  
  115  13:11  Zergling x24  
Tags
 
League
Diamond
Matchup
Co-op
Add a new tag
Caveats
  • Supply blocks, unpowered buildings, or Contaminate may cause inaccurate times.
  • Supply counts are checked every 10 seconds.